 Dungeon Crawl Stone Soup version 0.25-a0-306-g3faca94 (webtiles) character file.

Game seed: 1397531428693691846, levelgen mode: deterministic

10 Birdy the Firebug (level 2, -5/24 HPs)
             Began as an Ogre Fire Elementalist on Dec 20, 2019.
             Slain by Natasha (7 damage)
             ... on level 2 of the Dungeon.
             The game lasted 00:01:39 (705 turns).

Birdy the Firebug (Ogre Fire Elementalist)           Turns: 705, Time: 00:01:40

Health: -5/24      AC:  3    Str: 11    XL:     2   Next: 20%
Magic:  2/5        EV: 10    Int: 16    God:
Gold:   48         SH:  0    Dex:  9    Spells: 5/6 levels left

rFire    . . .     SeeInvis .   g - +0 dagger
rCold    . . .     Gourm    .   (no shield)
rNeg     . . .     Faith    .   a - +0 robe
rPois    +         Spirit   .   (helmet restricted)
rElec    .         Reflect  .   (no cloak)
rCorr    .         Harm     .   (gloves unavailable)
MR       .....                  (boots unavailable)
Stlth    +.........             (no amulet)
HPRegen  0.08/turn              f - ring of poison resistance
MPRegen  0.09/turn              (no ring)

@: very slightly contaminated
A: large, unfitting armour, tough skin 1
a: no special abilities


You were on level 2 of the Dungeon.
You were not hungry.

You visited 1 branch of the dungeon, and saw 2 of its levels.

You collected 48 gold pieces.

Inventory:

Hand Weapons
 g - a +0 dagger (weapon)
Armour
 a - a +0 robe (worn)
Jewellery
 f - a ring of poison resistance (left hand)
Scrolls
 b - 2 scrolls of identify {unknown}
 i - a scroll of fog {unknown}
Potions
 d - 2 potions of curing {unknown}
 e - a potion of invisibility {unknown}
 h - a potion of agility {unknown}
Comestibles
 c - 2 rations


   Skills:
 * Level 0.1 Fighting
 - Level 1.9 Dodging
 - Level 1.5 Stealth
 + Level 2.5 Spellcasting
 * Level 1.1 Conjurations
 * Level 2.9 Fire Magic


You had 5 spell levels left.
You knew the following spells:

 Your Spells              Type           Power        Failure   Level  Hunger
a - Foxfire               Conj/Fire      #...         9%          1    #......

Your spell library contained the following spells:

 Spells                   Type           Power        Failure   Level  Hunger
 Conjure Flame            Conj/Fire      #.......     26%         3    ###....
 Inner Flame              Hex/Fire       #.......     32%         3    ###....
 Sticky Flame             Conj/Fire      #.......     63%         4    #####..
 Fireball                 Conj/Fire      #.........   93%         5    ######.


Dungeon Overview and Level Annotations

Branches:
Dungeon (2/15)

Altars:

Annotations:
D:2 Natasha


Innate Abilities, Weirdness & Mutations

You are too large for most types of armour.
You have tough skin. (AC +1)


Message History

The iron imp hits you.
Casting: Foxfire (safe; 9% risk of failure)
Confirm with . or Enter, or press ? or * to list all spells.
You conjure some foxfire!
The foxfire hits the iron imp.
The iron imp completely resists.
Natasha claws you!
The crimson imp laughs crazily.
Unknown command.
You hit Natasha.
Natasha is lightly wounded.
The foxfire hits the crimson imp.
The crimson imp completely resists.
Natasha claws you. The crimson imp closely misses you. Natasha claws you.
* * * LOW HITPOINT WARNING * * *
The white imp grinds its teeth.
There is a stone staircase leading down here.
The crimson imp hits you.
* * * LOW HITPOINT WARNING * * *
Natasha claws you!
You die...

#.............
#.............
#......)......
#.#.#......###
#.#.#$.....# #
#........#
###.##5......#
......5h5....#
.......@.....#
.......#######
.......#
.......#
.......#
.######


You could see an iron imp, Natasha, a crimson imp and a white imp.

Vanquished Creatures
  2 goblins (D:1)
  2 hobgoblins (D:1)
  A bat (D:1)
  3 frilled lizards (D:1)
  A kobold (D:2)
  2 rats (D:1)
11 creatures vanquished.

Vanquished Creatures (others)
  26 foxfires
26 creatures vanquished.

Grand Total: 37 creatures vanquished

Notes
Turn   | Place    | Note
-------+----------+-------------------------------------------
     0 | D:1      | Birdy the Ogre Fire Elementalist began the quest for the
                  | Orb.
     0 | D:1      | Reached XP level 1. HP: 16/16 MP: 3/3
   135 | D:1      | Reached skill level 1 in Conjurations
   420 | D:1      | Reached XP level 2. HP: 24/24 MP: 3/5
   691 | D:2      | Noticed Natasha
   695 | D:2      | Noticed a crimson imp
   705 | D:2      | Slain by Natasha

Levels and vault maps discovered:
D:1:      scummos_arrival_star, layout_loops_cross, minmay_misc_feat_iff
D:2:      layout_basic, nicolae_overflow_hidden_temple, fiery_altar_vehumet,
          elyvilon_altar_1, first_ration, uniq_natasha, uniq_sigmund

Skill      XL: |  1 |
---------------+----+-----
Conjurations   | 1 |  1.1
Fighting       | |  0.1
Dodging        | |  1.9
Stealth        | |  1.5
Spellcasting   | |  2.5
Fire Magic     | |  2.9

Action                   || total
-------------------------++-------
Melee: Unarmed           ||     2
       Dagger            ||     3
 Cast: Foxfire           ||    18
Dodge: Dodged            ||     4

Table legend:
 A = Non-vault XP
 B = Vault XP
 C = Vault XP percentage of total XP
 D = Non-vault monster count
 E = Vault monster count
 F = Vault count percentage of total count
                 A         B        C        D         E       F
            +---------+---------+-------+---------+---------+-------
      Total |      15 |       0 |   0.0 |      11 |       0 |   0.0
            +---------+---------+-------+---------+---------+-------
        D:1 |      14 |       0 |   0.0 |      10 |       0 |   0.0
        D:2 |       1 |       0 |   0.0 |       1 |       0 |   0.0
            +---------+---------+-------+---------+---------+-------
